 Dungeon Crawl Stone Soup version 0.22.1-1-ga44c0e5 (webtiles) character file.

3271 dvd the Firebug (level 10, -1/54 HPs)
             Began as an Octopode Fire Elementalist on Nov 7, 2018.
             Was a Priest of Hepliaklqana.
             Slain by Harold
             ... wielding a +0 trident
              (16 damage)
             ... on level 8 of the Dungeon.
             The game lasted 00:21:40 (9019 turns).

dvd the Firebug (Octopode Fire Elementalist)        Turns: 9019, Time: 00:21:41

Health: -1/54      AC:  1    Str: 16 (17) XL:     10   Next: 0%
Magic:  21/29      EV: 14    Int: 22      God:    Hepliaklqana [***...]
Gold:   460        SH:  0    Dex: 11 (13) Spells: 11/23 levels left

rFire    . . .     SeeInvis .   i - +4 quarterstaff (crush)
rCold    . . .     Gourm    .   (shield currently unavailable)
rNeg     . . .     Faith    .   (helmet restricted)
rPois    .         Spirit   .   (no amulet)
rElec    .         Reflect  .   w - +5 ring of strength
rCorr    .         Harm     .   e - ring of magical power
MR       .....                  (no ring)
Stlth    ++++......             (no ring)
HPRegen  0.18/turn              (no ring)
MPRegen  0.21/turn              (no ring)
                                (no ring)
                                (no ring)

@: marked
A: almost no armour, stealthy swim, amphibious, 8 rings, constrict 8, reduced
essence, camouflage 1, clever 1, strong 2, gelatinous body 1
a: Recall Ancestor, Ancestor Identity, Transference, Renounce Religion


You were on level 8 of the Dungeon.
You worshipped Hepliaklqana.
Hepliaklqana was most pleased with you.
You were not hungry.

You visited 1 branch of the dungeon, and saw 8 of its levels.

You collected 460 gold pieces.

Inventory:

Hand Weapons
 a - a +2 flail of protection
 b - a +1 scythe of venom
 i - a +4 quarterstaff of crushing (weapon)
 j - a +0 short sword
 m - a +0 war axe
 s - a +0 falchion
Jewellery
 e - a ring of magical power (right tentacle)
 w - a +5 ring of strength (left tentacle)
Wands
 y - a wand of polymorph (13)
 A - a wand of random effects (46)
 B - a wand of flame (15)
 F - a wand of acid (6)
Scrolls
 c - a scroll of fear
 d - 5 scrolls of teleportation
 h - 3 scrolls of identify
 l - a scroll of enchant armour
 u - a scroll of remove curse
 C - a scroll of magic mapping
Potions
 g - 4 potions of curing
 k - 3 potions of might
Comestibles
 f - 3 chunks of flesh
 x - 8 rations


   Skills:
 + Level 1.7 Fighting
 + Level 0.3 Short Blades
 + Level 1.6(2.2) Maces & Flails
 + Level 1.7(2.3) Polearms
 + Level 2.3(2.9) Staves
 + Level 4.0 Dodging
 + Level 4.5 Stealth
 * Level 7.1 Spellcasting
 * Level 6.8 Conjurations
 * Level 7.3 Fire Magic


You had 11 spell levels left.
You knew the following spells:

 Your Spells              Type           Power        Failure   Level  Hunger
a - Flame Tongue          Conj/Fire      #####        1%          1    None
b - Throw Flame           Conj/Fire      #####.       1%          2    None
c - Sticky Flame          Conj/Fire      #####...     4%          4    ###....
d - Fireball              Conj/Fire      #####.....   12%         5    #####..

Your spell library contained the following spells:

 Spells                   Type           Power        Failure   Level  Hunger
 Conjure Flame            Conj/Fire      #####...     1%          3    None
 Inner Flame              Hex/Fire       ###.....     5%          3    None


Dungeon Overview and Level Annotations

Branches:
Dungeon (8/15)             Temple (0/1) D:4
   Lair: D:8-11

Altars:
Gozag
Hepliaklqana
Okawaru
Sif Muna
Yredelemnul

Shops:
D:8 *

Annotations:
D:3 1 runed door, Danetta's ghost, amateur GnWz
D:7 Psyche
D:8 Harold


Innate Abilities, Weirdness & Mutations

You cannot wear most types of armour.
You are very stealthy in the water. (Stealth+)
You are amphibious.
You can wear up to eight rings at the same time.
You can use your tentacles to constrict eight enemies at once.
Your skin changes colour to match your surroundings (Stealth+).
Your rubbery body absorbs attacks. (AC +1, EV +1)
Your life essence is reduced to manifest your ancestor. (-10% HP)
Your mind is acute. (Int +2)
Your muscles are very strong. (Str +4)


Message History

A sentinel's mark forms upon you.
Hsekiu hits Harold with a flail!
You see here a helmet.
Unknown command.
Casting: Fireball (slightly dangerous; 12% risk of failure)
Confirm with . or Enter, or press ? or * to list all spells.
Aiming: Sticky Flame (safe; 4% risk of failure)
Press: ? - help, Shift-Dir - straight line, f/p - Harold
Aim: Harold, wielding a trident and wearing a ring mail (moderately wounded)
The sticky flame hits Harold.
Harold appears unharmed.
Harold is moderately wounded.
Harold is covered in liquid flames!
Harold burns!
Harold hits you with a trident!!
* * * LOW HITPOINT WARNING * * *
Hsekiu hits Harold with a flail!
Unknown command.
You sock Harold! You grab Harold. You squeeze Harold.
Harold is severely wounded.
You constrict Harold.
Harold burns!
Harold hits you with a trident!
You die...

###########...###.#
.......(.......>#.###############
###########.....#...............)
######((...#.############...
#..)((....(#<###.# #...
######.....####.#.#...########...
.....#.....####.#.#....##........
.....#......<....@......#........
.....##########.@R###...#........
.....##########..................
.............##...###............
.............##.#.# ####.........
#####.)......##.#># #.........
#........##.#.# #.........
#........##.#.# #.........
#........##.#.######.........
#....<......#.##.....########


You could see the friendly Hsekiu the knight and Harold (burning).

Vanquished Creatures
  Joseph (D:8)
  Prince Ribbit (D:7)
  Sigmund (D:6)
  A steam dragon (D:6)
  Duvessa (D:7)
  An ice beast (D:7)
  A black bear (D:7)
  An eye of draining (D:6)
  A phantom (D:8)
  An ogre (D:6)
  A centaur (D:5)
  2 bullfrogs
  Dowan (D:7)
  2 scorpions (D:4)
  3 killer bees (D:8)
  A howler monkey (D:4)
  A crimson imp (D:7)
  A hound (D:8)
  A centaur skeleton (D:4)
  2 jellies (D:7)
  3 orc wizards (D:5)
  A bullfrog skeleton (D:7)
  3 iguanas
  A worker ant (D:6)
  A hound skeleton (D:5)
  8 adders
  A worm (D:2)
  3 dart slugs
  4 leopard geckos
  13 orcs
  A ball python (D:2)
  4 bats
  A giant cockroach (D:1)
  5 goblins
  3 hobgoblins
  8 jackals
  5 quokkas
  3 frilled lizards (D:2)
  A jackal zombie (D:7)
  5 kobolds
  3 rats
102 creatures vanquished.

Vanquished Creatures (collateral kills)
  Menkaure (D:5)
  A necrophage (D:5)
  2 ogres
  An orc warrior (D:7)
  3 killer bees (D:8)
  A crimson imp (D:7)
  A quasit (D:8)
  2 hounds
  A jelly (D:7)
  An orc priest (D:7)
  2 orc wizards
  A howler monkey skeleton (D:6)
  An adder (D:4)
  3 worms
  An orc (D:8)
  A hobgoblin (D:3)
  2 jackals (D:4)
25 creatures vanquished.

Vanquished Creatures (others)
  A knight (D:7)
  3 ancestors
4 creatures vanquished.

Grand Total: 131 creatures vanquished

Notes
Turn   | Place    | Note
-------+----------+-------------------------------------------
     0 | D:1      | dvd the Octopode Fire Elementalist began the quest for the
                  | Orb.
     0 | D:1      | Reached XP level 1. HP: 11/11 MP: 3/3
   285 | D:1      | Reached XP level 2. HP: 17/17 MP: 1/5
   921 | D:2      | Reached XP level 3. HP: 21/21 MP: 1/6
   976 | D:2      | Learned a level 2 spell: Throw Flame
  1088 | D:2      | Found an opulent altar of Gozag.
  1548 | D:2      | Found a faded altar of an unknown god.
  1554 | D:2      | Became a worshipper of Hepliaklqana the Forgotten
  1554 | D:2      | Reached * piety under Hepliaklqana
  1734 | D:2      | Reached XP level 4. HP: 24/24 MP: 3/8
  1871 | D:3      | Found a runed door.
  1875 | D:3      | Noticed Danetta's ghost (amateur GnWz)
  1947 | D:3      | Found a deep blue altar of Sif Muna.
  2063 | D:3      | Found a basalt altar of Yredelemnul.
  2277 | D:4      | Found a staircase to the Ecumenical Temple.
  2292 | D:4      | Reached XP level 5. HP: 27/27 MP: 2/9
  2348 | D:4      | Reached ** piety under Hepliaklqana
  2486 | D:4      | HP: 1/27 [poisoned by a scorpion]
  2560 | D:4      | Reached XP level 6. HP: 7/32 MP: 7/11
  2566 | D:4      | Learned a level 4 spell: Sticky Flame
  3233 | D:4      | Found a hazy altar of Hepliaklqana.
  3432 | D:5      | Entered Level 5 of the Dungeon
  3792 | D:5      | Reached XP level 7. HP: 29/36 MP: 8/13
  3802 | D:5      | Remembered your ancestor Hsekiu as a knight
  4092 | D:5      | Noticed Menkaure
  4098 | D:5      | Killed Menkaure
  4098 | D:5      | Reached skill level 1 in Staves
  4098 | D:5      | Reached skill level 5 in Fire Magic
  4865 | D:5      | Reached *** piety under Hepliaklqana
  5034 | D:6      | Reached XP level 8. HP: 35/42 MP: 11/15
  5412 | D:6      | Reached skill level 1 in Fighting
  5426 | D:6      | Noticed Sigmund
  5439 | D:6      | Killed Sigmund
  5439 | D:6      | Reached skill level 5 in Spellcasting
  5439 | D:6      | Reached skill level 5 in Conjurations
  5731 | D:6      | Found an opulent altar of Gozag.
  6254 | D:7      | Found an iron altar of Okawaru.
  6480 | D:7      | Reached XP level 9. HP: 38/47 MP: 15/17
  6745 | D:7      | Noticed Prince Ribbit
  6752 | D:7      | Killed Prince Ribbit
  6752 | D:7      | Reached skill level 1 in Polearms
  6996 | D:7      | Learned a level 5 spell: Fireball
  7085 | D:7      | Reached **** piety under Hepliaklqana
  7122 | D:7      | Noticed Duvessa
  7122 | D:7      | Noticed Dowan
  7134 | D:7      | Killed Duvessa
  7143 | D:7      | Killed Dowan
  7438 | D:8      | Noticed Psyche
  7439 | D:8      | Noticed Harold
  7453 | D:7      | HP: 2/48 [Psyche/puff of frost (15)]
  7908 | D:8      | Found Kaop Sanamo's Assorted Antiques.
  7934 | D:8      | Noticed Joseph
  8102 | D:7      | Gained mutation: Your muscles are strong. (Str +2) [potion
                  | of mutation]
  8102 | D:7      | Gained mutation: Your muscles are very strong. (Str +4)
                  | [potion of mutation]
  8102 | D:7      | Gained mutation: Your mind is acute. (Int +2) [potion of
                  | mutation]
  8323 | D:8      | Reached skill level 1 in Maces & Flails
  8787 | D:8      | Killed Joseph
  8787 | D:8      | Reached XP level 10. HP: 27/54 MP: 20/20
  9019 | D:8      | Slain by Harold

Skill      XL: |  1  2  3  4  5  6  7  8  9 |
---------------+----------------------------+-----
Spellcasting   | 3 4 5 7 |  7.1
Conjurations   | 2 3 4 5 6 |  6.8
Fire Magic     | 4 5 6 7 |  7.3
Stealth        | 3 4 |  4.5
Staves         | 1 2 |  2.3
Fighting       | 1 |  1.7
Dodging        | 3 4 |  4.0
Polearms       | 1 |  1.7
Maces & Flails | 1 |  1.6
Short Blades   | |  0.3

Action                   |  1- 3 |  4- 6 |  7- 9 | 10-12 || total
-------------------------+-------+-------+-------+-------++-------
Melee: Short sword       |     5 |     7 |       |       ||    12
       Constrict         |     2 |     8 |    12 |     1 ||    23
       Tentacles         |     1 |       |     6 |     1 ||     8
       Quarterstaff      |       |    16 |    24 |     1 ||    41
       Scythe            |       |       |    27 |       ||    27
       Flail             |       |       |    21 |       ||    21
 Cast: Flame Tongue      |    41 |    53 |    43 |       ||   137
       Throw Flame       |     4 |    10 |    37 |       ||    51
       Sticky Flame      |       |     2 |    16 |     1 ||    19
       Fireball          |       |       |     1 |     1 ||     2
Invok: Recall Ancestor   |       |       |     2 |       ||     2
       Ancestor Life: Kn |       |       |     1 |       ||     1
  Use: Scroll            |     5 |     1 |     7 |       ||    13
       Potion            |       |       |    11 |       ||    11
 Stab: Sleeping          |       |     2 |     3 |       ||     5
  Eat: Chunk             |     3 |     7 |    12 |     1 ||    23
       Ration            |       |       |     2 |       ||     2
Armor: Skin              |     1 |     4 |     9 |       ||    14
Dodge: Dodged            |    16 |    32 |    49 |       ||    97
